3AAA
PURE MICHIGAN GREAT LAKERS @ PORT ROYAL DISASTER
08/24/2023
 
TOP OF THE 1ST
Pure Michigan Great Lakers batting - Pitching for Port Royal Disaster : RHP Dennis Brown
Pitching: RHP Dennis Brown
Batting: RHB Brian King 0-0: Ball
1-0: Ball
2-0: Foul Ball, location: 2F
2-1: Called Strike
2-2: Strikes out swinging
Batting: RHB Zong-yuan Fung 0-0: Ball
1-0: Ground out 5-3 (Groundball, 56)
Batting: RHB Jeffery Campbell 0-0: Ball
1-0: Ground out 1-3 (Groundball, 25)
Top of the 1st over - 0 run(s), 0 hit(s), 0 error(s), 0 left on base; Pure Michigan 0 - Port Royal 0
BOTTOM OF THE 1ST
Port Royal Disaster batting - Pitching for Pure Michigan Great Lakers : LHP Jaime Carrión
Pitching: LHP Jaime Carrión
Batting: RHB Manuel Becerra 0-0: Swinging Strike
0-1: Swinging Strike
0-2: Ground out 4-3 (Groundball, 6M)
Batting: RHB Sergio Martínez 0-0: Ball
1-0: Foul Ball, location: 2F
1-1: Swinging Strike
1-2: Ground out 6-3 (Groundball, 6M)
Batting: RHB Wes Shannon 0-0: SINGLE (Line Drive, 7LS)
Batting: RHB David Gómez 0-0: Ball
1-0: Ground out 4-3 (Groundball, 4)
Bottom of the 1st over - 0 run(s), 1 hit(s), 0 error(s), 1 left on base; Pure Michigan 0 - Port Royal 0
TOP OF THE 2ND
Pure Michigan Great Lakers batting - Pitching for Port Royal Disaster : RHP Dennis Brown
Batting: LHB Gustavo Cortéz 0-0: Called Strike
0-1: Fly out, F2 (Popup, 2R)
Batting: LHB Mario Cruz 0-0: Ball
1-0: Foul Ball, location: 2F
1-1: Foul Ball, location: 2F
1-2: Foul Ball, location: 2F
1-2: Strikes out swinging
Batting: LHB Sean Angwin 0-0: Ball
1-0: Called Strike
1-1: Called Strike
1-2: Reached on error, E3 (Groundball, 3S)
Batting: RHB Dani Trejo 0-0: Ball
1-0: SINGLE (Groundball, 3D)
Sean Angwin to second
Runner from 2nd tries for 3rd, SAFE, throw made to third
Dani Trejo to second
Batting: RHB Yoshiyuki Sasaki 0-0: Called Strike
0-1: Ball
1-1: Swinging Strike
1-2: SINGLE (Groundball, 6MD)
Sean Angwin scores
Dani Trejo to third
Runner from 3rd tries for Home, throw and OUT!
Top of the 2nd over - 1 run(s), 2 hit(s), 1 error(s), 1 left on base; Pure Michigan 1 - Port Royal 0
BOTTOM OF THE 2ND
Port Royal Disaster batting - Pitching for Pure Michigan Great Lakers : LHP Jaime Carrión
Batting: LHB Peter Paul 0-0: Fly out, F7 (Flyball, 7M)
Batting: LHB Frank Wentworth 0-0: Called Strike
0-1: SINGLE (Groundball, 5D)
Batting: RHB Ronnie Cleveland 0-0: Ball
1-0: Ball
2-0: Ball
3-0: Called Strike
3-1: Base on Balls
Frank Wentworth to second
Batting: LHB Jason Potter 0-0: Fly out, F5 (Popup, 56S)
Batting: RHB Brandon Cooper 0-0: Ball
1-0: Called Strike
1-1: Swinging Strike
1-2: Foul Ball, location: 2F
1-2: Strikes out swinging
Bottom of the 2nd over - 0 run(s), 1 hit(s), 0 error(s), 2 left on base; Pure Michigan 1 - Port Royal 0
TOP OF THE 3RD
Pure Michigan Great Lakers batting - Pitching for Port Royal Disaster : RHP Dennis Brown
Batting: RHB Lorenzo Sabastro 0-0: Ball
1-0: Ball
2-0: Fly out, F7 (Flyball, 78M)
Batting: RHB Brian King 0-0: Fly out, F4 (Popup, 3DF)
Batting: RHB Zong-yuan Fung 0-0: Called Strike
0-1: Foul Ball, location: 2F
0-2: Ball
1-2: Strikes out swinging
Top of the 3rd over - 0 run(s), 0 hit(s), 0 error(s), 0 left on base; Pure Michigan 1 - Port Royal 0
BOTTOM OF THE 3RD
Port Royal Disaster batting - Pitching for Pure Michigan Great Lakers : LHP Jaime Carrión
Batting: RHB Manuel Becerra 0-0: Fly out, F6 (Popup, 6S)
Batting: RHB Sergio Martínez 0-0: Foul Ball, location: 2F
0-1: SINGLE (Line Drive, 7LS)
Batting: RHB Wes Shannon 0-0: Grounds into double play, 4-6-3 (Groundball, 4)
Bottom of the 3rd over - 0 run(s), 1 hit(s), 0 error(s), 0 left on base; Pure Michigan 1 - Port Royal 0
TOP OF THE 4TH
Pure Michigan Great Lakers batting - Pitching for Port Royal Disaster : RHP Dennis Brown
Batting: RHB Jeffery Campbell 0-0: Ball
1-0: Swinging Strike
1-1: Ball
2-1: Ground out 6-3 (Groundball, 6)
Batting: LHB Gustavo Cortéz 0-0: Called Strike
0-1: Ball
1-1: Fly out, F9 (Flyball, 9D)
Batting: LHB Mario Cruz 0-0: Called Strike
0-1: Ball
1-1: Foul Ball, location: 2F
1-2: Foul Ball, location: 2F
1-2: Fly out, F7 (Flyball, 7LM)
Top of the 4th over - 0 run(s), 0 hit(s), 0 error(s), 0 left on base; Pure Michigan 1 - Port Royal 0
BOTTOM OF THE 4TH
Port Royal Disaster batting - Pitching for Pure Michigan Great Lakers : LHP Jaime Carrión
Batting: RHB David Gómez 0-0: Called Strike
0-1: SINGLE (Line Drive, 9M)
Batting: LHB Peter Paul 0-0: Ball
1-0: Ball
2-0: Called Strike
2-1: Called Strike
2-2: Foul Ball, location: 2F
2-2: Ball
3-2: SINGLE (Groundball, 4MD)
David Gómez to second
David Gómez to third
Batting: LHB Frank Wentworth 0-0: Foul Ball, location: 2F
0-1: Ball
1-1: Ball
2-1: Swinging Strike
2-2: Ball
3-2: Base on Balls
Peter Paul to second
Batting: RHB Ronnie Cleveland 0-0: Ball
1-0: Foul Ball, location: 2F
1-1: Foul Ball, location: 2F
1-2: Strikes out swinging
Batting: LHB Jason Potter 0-0: Grounds into double play, 4-6-3 (Groundball, 4)
Bottom of the 4th over - 0 run(s), 2 hit(s), 0 error(s), 2 left on base; Pure Michigan 1 - Port Royal 0
TOP OF THE 5TH
Pure Michigan Great Lakers batting - Pitching for Port Royal Disaster : RHP Dennis Brown
Batting: LHB Sean Angwin 0-0: Fly out, F8 (Flyball, 8RXD)
Batting: RHB Dani Trejo 0-0: Ball
1-0: Called Strike
1-1: Called Strike
1-2: Strikes out swinging
Batting: RHB Yoshiyuki Sasaki 0-0: Ball
1-0: SOLO HOME RUN (Flyball, 78XD), Distance : 409 ft
Batting: RHB Lorenzo Sabastro 0-0: Called Strike
0-1: Foul Ball, location: 2F
0-2: Strikes out swinging
Top of the 5th over - 1 run(s), 1 hit(s), 0 error(s), 0 left on base; Pure Michigan 2 - Port Royal 0
BOTTOM OF THE 5TH
Port Royal Disaster batting - Pitching for Pure Michigan Great Lakers : LHP Jaime Carrión
Batting: RHB Brandon Cooper 0-0: Ball
1-0: Ball
2-0: Called Strike
2-1: Ball
3-1: Foul Ball, location: 2F
3-2: SINGLE (Groundball, 56D)
Batting: RHB Manuel Becerra 0-0: Ball
1-0: Bunted foul
1-1: Sac Bunt - play at first, batter safe!
Brandon Cooper to second
Batting: RHB Sergio Martínez 0-0: Bunted foul
0-1: Sac Bunt - play at third, runner OUT! 3-6
Manuel Becerra to second
Batting: RHB Wes Shannon 0-0: Ball
1-0: Ball
Manuel Becerra steals 3rd base
Sergio Martínez to second
2-0: Called Strike
2-1: Ground out 6-3 (Groundball, 6)
Manuel Becerra scores
Sergio Martínez to third
Batting: RHB David Gómez 0-0: Ball
1-0: Foul Ball, location: 2F
1-1: Foul Ball, location: 2F
1-2: Strikes out swinging
Bottom of the 5th over - 1 run(s), 2 hit(s), 0 error(s), 1 left on base; Pure Michigan 2 - Port Royal 1
TOP OF THE 6TH
Pure Michigan Great Lakers batting - Pitching for Port Royal Disaster : RHP Dennis Brown
Batting: RHB Brian King 0-0: Fly out, F6 (Popup, 56D)
Batting: RHB Zong-yuan Fung 0-0: Called Strike
0-1: Ball
1-1: Ball
2-1: Ground out 5-3 (Groundball, 56)
Batting: RHB Jeffery Campbell 0-0: Called Strike
0-1: Foul Ball, location: 2F
0-2: Foul Ball, location: 2F
0-2: Ball
1-2: Ball
2-2: Foul Ball, location: 2F
2-2: Fly out, F9 (Line Drive, 9S)
Top of the 6th over - 0 run(s), 0 hit(s), 0 error(s), 0 left on base; Pure Michigan 2 - Port Royal 1
BOTTOM OF THE 6TH
Port Royal Disaster batting - Pitching for Pure Michigan Great Lakers : LHP Jaime Carrión
Batting: LHB Peter Paul 0-0: Ground out 6-3 (Groundball, 6)
Batting: LHB Frank Wentworth 0-0: Ball
1-0: Ball
2-0: Ground out 4-3 (Groundball, 4)
Batting: RHB Ronnie Cleveland 0-0: DOUBLE (Flyball, 78D)
Batting: LHB Jason Potter 0-0: Ball
1-0: SINGLE (Line Drive, 4)
Ronnie Cleveland to third
Runner from 3rd tries for Home, SAFE, no throw or cutoff
Batting: RHB Brandon Cooper 0-0: Ball
1-0: Ball
2-0: Foul Ball, location: 2F
2-1: Ball
3-1: Base on Balls
Jason Potter to second
Batting: RHB Manuel Becerra 0-0: Called Strike
0-1: Ball
1-1: Swinging Strike
1-2: Ground out 6-3 (Groundball, 6)
Bottom of the 6th over - 1 run(s), 2 hit(s), 0 error(s), 2 left on base; Pure Michigan 2 - Port Royal 2
TOP OF THE 7TH
Pure Michigan Great Lakers batting - Pitching for Port Royal Disaster : RHP Dennis Brown
Batting: LHB Gustavo Cortéz 0-0: Foul Ball, location: 2F
0-1: Ball
1-1: Ball
2-1: Foul Ball, location: 2F
2-2: Fly out, F7 (Flyball, 7S)
Batting: LHB Mario Cruz 0-0: Foul Ball, location: 2F
0-1: Foul Ball, location: 2F
0-2: Strikes out swinging
Batting: LHB Sean Angwin 0-0: Ball
1-0: SINGLE (Groundball, 56)
Pinch Hitting: SHB Virgil Eberle 0-0: Called Strike
0-1: Ball
1-1: Called Strike
1-2: Strikes out swinging
Top of the 7th over - 0 run(s), 1 hit(s), 0 error(s), 1 left on base; Pure Michigan 2 - Port Royal 2
BOTTOM OF THE 7TH
Port Royal Disaster batting - Pitching for Pure Michigan Great Lakers : LHP Jaime Carrión
Now in CF: Rick Moore
Batting: RHB Sergio Martínez 0-0: Ball
1-0: Called Strike
1-1: Swinging Strike
1-2: Ball
2-2: Ground out 6-3 (Groundball, 6)
Batting: RHB Wes Shannon 0-0: Ball
1-0: Ball
2-0: Called Strike
2-1: Ball
3-1: Called Strike
3-2: Fly out, F8 (Popup, 4MD)
Batting: RHB David Gómez 0-0: Called Strike
0-1: SINGLE (Line Drive, 6D)
Batting: LHB Peter Paul 0-0: Ball
1-0: Called Strike
1-1: 2-RUN HOME RUN (Flyball, 9D), Distance : 391 ft
Batting: LHB Frank Wentworth 0-0: Ball
1-0: Fly out, F8 (Flyball, 8RXD)
Bottom of the 7th over - 2 run(s), 2 hit(s), 0 error(s), 0 left on base; Pure Michigan 2 - Port Royal 4
TOP OF THE 8TH
Pure Michigan Great Lakers batting - Pitching for Port Royal Disaster : RHP Dennis Brown
Batting: RHB Yoshiyuki Sasaki 0-0: Ball
1-0: Fly out, F7 (Flyball, 78M)
Batting: RHB Lorenzo Sabastro 0-0: Ball
1-0: SINGLE (Line Drive, 78M)
Batting: RHB Brian King 0-0: Foul Ball, location: 2F
0-1: Ball
1-1: Swinging Strike
1-2: Foul Ball, location: 2F
1-2: Strikes out swinging
Batting: RHB Zong-yuan Fung 0-0: Ball
1-0: Swinging Strike
1-1: Called Strike
1-2: Hit by Pitch
Lorenzo Sabastro to second
Batting: RHB Jeffery Campbell 0-0: Called Strike
0-1: Swinging Strike
0-2: Foul Ball, location: 2F
0-2: Ball
1-2: Ball
2-2: Ball
3-2: Strikes out swinging
Top of the 8th over - 0 run(s), 1 hit(s), 0 error(s), 2 left on base; Pure Michigan 2 - Port Royal 4
BOTTOM OF THE 8TH
Port Royal Disaster batting - Pitching for Pure Michigan Great Lakers : LHP Jaime Carrión
Batting: RHB Ronnie Cleveland 0-0: Ground out 6-3 (Groundball, 6)
Batting: LHB Jason Potter 0-0: Ball
1-0: Called Strike
1-1: Ball
2-1: Ball
3-1: Called Strike
3-2: Strikes out swinging
Batting: RHB Brandon Cooper 0-0: Ball
1-0: Called Strike
1-1: Swinging Strike
1-2: Ball
2-2: SINGLE (Groundball, 56D)
Pitching: RHP Gary Jones
Batting: RHB Manuel Becerra 0-0: Ball
1-0: Called Strike
1-1: Swinging Strike
1-2: Ball
2-2: Ball
3-2: Foul Ball, location: 2F
3-2: Strikes out swinging
Bottom of the 8th over - 0 run(s), 1 hit(s), 0 error(s), 1 left on base; Pure Michigan 2 - Port Royal 4
TOP OF THE 9TH
Pure Michigan Great Lakers batting - Pitching for Port Royal Disaster : RHP Dennis Brown
Pitching: LHP António Venegas
Batting: LHB Gustavo Cortéz 0-0: Ball
1-0: Fly out, F8 (Flyball, 8LD)
Batting: LHB Mario Cruz 0-0: Ball
1-0: Called Strike
1-1: Ball
2-1: Fly out, F9 (Flyball, 9D)
Batting: LHB Sean Angwin 0-0: SOLO HOME RUN (Flyball, 9LD), Distance : 342 ft
Pinch Hitting: RHB Harry Fuller 0-0: Called Strike
0-1: Ground out 5-3 (Groundball, 56S)
Top of the 9th over - 1 run(s), 1 hit(s), 0 error(s), 0 left on base; Pure Michigan 3 - Port Royal 4
This league is powered by Out of the Park Baseball, the baseball management simulation game for PC, Mac and Linux
Friday, July 8th, 2016 - OOTP Baseball 16.9 Build 39